 Dungeon Crawl Stone Soup version 0.30-a0-347-gf58ed5266c (webtiles) character file.

Game seed: 11799321902407734058

102 greenreed the Trooper (level 4, -4/37 HPs)
             Began as a Demonspawn Monk on Nov 5, 2022.
             Was a Believer of Kikubaaqudgha.
             Slain by Menkaure (23 damage)
             ... on level 4 of the Dungeon.
             The game lasted 00:07:12 (2955 turns).

greenreed the Trooper (Demonspawn Monk)             Turns: 2955, Time: 00:07:12

Health: -4/37      AC:  4    Str: 13    XL:     4   Next: 50%
Magic:  5/5        EV: 13    Int: 11    God:    Kikubaaqudgha [**....]
Gold:   181        SH:  0    Dex: 16    Spells: 4/5 levels left

rFire   . . .      SeeInvis .    a - +0 hand axe
rCold   . . .      Faith    .    (no shield)
rNeg    . . .      Spirit   .    b - +0 robe
rPois   .          Reflect  .    (helmet restricted)
rElec   .          Harm     .    (no cloak)
rCorr   .          Rampage  .    x - +0 pair of gloves
Will    .....                    t - +0 pair of boots
Stlth   ++........               s - amulet of magic regeneration
HPRegen 0.26/turn                (no ring)
MPRegen 0.49/turn                (no ring)

@: no status effects
A: horns 1, foul stench 2
a: Renounce Religion, Unearth Wretches


You were on level 4 of the Dungeon.
You worshipped Kikubaaqudgha.
Kikubaaqudgha was pleased with you.
You visited 1 branch of the dungeon, and saw 4 of its levels.

You collected 181 gold pieces.

Inventory:

Hand Weapons
 a - a +0 hand axe (weapon)
Armour
 b - a +0 robe (worn)
 t - a +0 pair of boots (worn)
 x - a +0 pair of gloves (worn)
Magical Staves
 f - a staff of conjuration
Jewellery
 s - an amulet of magic regeneration (around neck)
Wands
 n - a wand of quicksilver (6)
 q - a wand of flame (17)
Scrolls
 d - a scroll of summoning {unknown}
 g - 4 scrolls of identify {unknown}
 h - 2 scrolls of noise {unknown}
 k - 3 scrolls of poison {unknown}
 o - a scroll of fog {unknown}
 r - a scroll of immolation {unknown}
 u - a scroll of silence {unknown}
 w - a scroll of magic mapping {unknown}
Potions
 c - 2 potions of ambrosia
 e - 2 potions of heal wounds {unknown}
 i - a potion of attraction {unknown}
 j - a potion of might {unknown}
 l - a potion of brilliance {unknown}
 m - 3 potions of curing {unknown}
 p - a potion of degeneration {unknown}
 v - a potion of haste {unknown}


   Skills:
 * Level 3.7 Fighting
 + Level 3.4 Axes
 + Level 3.2 Dodging
 + Level 2.1 Stealth
 * Level 1.1 Spellcasting
 * Level 0.2 Necromancy


You had 4 spell levels left.
You knew the following spells:

 Your Spells              Type           Power      Damage    Failure   Level
a - Necrotise             Necr           4%         1d4       28%         1

Your spell library contained the following spells:

 Spells                   Type           Power      Damage    Failure   Level
 Sublimation of Blood     Necr           1%         N/A       41%         2
 Cigotuvi's Dreadful Rot  Necr/Pois/Air  0%         N/A       43%         2
 Vampiric Draining        Necr           1%         2d6       65%         3


Dungeon Overview and Level Annotations

Branches:
Dungeon (4/15)
 Temple: D:4-7

Altars:
Kikubaaqudgha

Annotations:
D:4 Menkaure


Innate Abilities, Weirdness & Mutations

You have a pair of small horns on your head.
You sometimes emit foul miasma when damaged in melee.


Message History

x - a +0 pair of gloves You start putting on your armour.
You continue putting on your +0 pair of gloves. x4
You finish putting on your +0 pair of gloves.
You start putting on your armour.
You continue putting on your +0 pair of boots. x4
You finish putting on your +0 pair of boots.
You start putting on your amulet.
You continue putting on your amulet of magic regeneration. x5
You finish putting on your amulet of magic regeneration.
The amulet cannot attune itself to your exhausted body.
s - an amulet of magic regeneration (around neck)
Your amulet attunes itself to your body and you begin to regenerate magic more quickly.
There is an open door here.
You open the door.
There is an open door here.
Menkaure, Prince of Dust comes into view.
The helpless Menkaure fails to defend himself.
You hit Menkaure but do no damage.
You headbutt Menkaure, but do no damage.
Menkaure casts a spell at you. Pain shoots through your body!
You closely miss Menkaure.
You headbutt Menkaure, but do no damage.
Menkaure barely misses you.
You barely miss Menkaure. Your headbutt misses Menkaure.
Menkaure barely misses you.
You hit Menkaure but do no damage. Menkaure closely misses you.
You hit Menkaure.
Menkaure is lightly damaged.
Menkaure hits you!
You emit a cloud of foul miasma!
You hit Menkaure.
Menkaure is lightly damaged.
Menkaure closely misses you.
You hit Menkaure but do no damage.
Menkaure is lightly damaged.
Menkaure hits you!!
Ouch! That really hurt!
You die...
Kikubaaqudgha rasps: "You have failed me!
Welcome... death!"

##### ....# ##########....#
#...#.........#.....#
#...#....@M...#.....#
#...##..##....#.....# +...##..#
...##.....# #.......#
####......#
########'###.......#......#
#..........#.......+....>.#
##..........#..###+##......####
............#..# ###+##....#
............#..# #...'....#


You could see Menkaure.

Vanquished Creatures
  Jessica (D:2)
  2 adders
  A worm (D:2)
  2 dart slugs
  An orc (D:3)
  3 ball pythons
  4 bats
  4 endoplasms
  5 giant cockroaches
  3 goblins
  7 hobgoblins
  3 jackals (D:2)
  A quokka (D:1)
  4 frilled lizards
  3 kobolds
  4 rats
48 creatures vanquished.

Vanquished Creatures (others)
  2 demonic plants (D:1)
  2 fungi (D:1)
  3 plants (D:1)
7 creatures vanquished.

Grand Total: 55 creatures vanquished

Notes
Turn   | Place    | Note
-------+----------+-------------------------------------------
     0 | D:1      | greenreed the Demonspawn Monk began the quest for the Orb.
     0 | D:1      | Reached XP level 1. HP: 18/18 MP: 1/1
   211 | D:1      | Gained mutation: You may rarely emit foul miasma when
                  | damaged in melee. [demonic ancestry]
   211 | D:1      | Reached XP level 2. HP: 24/24 MP: 2/2
   565 | D:1      | Found a faded altar of an unknown god.
  1127 | D:2      | Gained mutation: You have a pair of small horns on your
                  | head. [demonic ancestry]
  1127 | D:2      | Reached XP level 3. HP: 23/29 MP: 3/3
  1412 | D:2      | Noticed Jessica
  1419 | D:2      | Killed Jessica
  1420 | D:2      | Gained mutation: You sometimes emit foul miasma when
                  | damaged in melee. [demonic ancestry]
  1420 | D:2      | Reached XP level 4. HP: 24/36 MP: 3/5
  2254 | D:3      | Found an ancient bone altar of Kikubaaqudgha.
  2312 | D:3      | Became a worshipper of Kikubaaqudgha
  2312 | D:3      | Reached * piety under Kikubaaqudgha
  2312 | D:3      | Received a gift from Kikubaaqudgha
  2312 | D:3      | Reached ** piety under Kikubaaqudgha
  2315 | D:3      | Learned a level 1 spell: Necrotise
  2372 | D:3      | Reached skill level 1 in Spellcasting
  2946 | D:4      | Noticed Menkaure
  2955 | D:4      | Slain by Menkaure

Illustrated notes

Levels and vault maps discovered:
D:1:      dpeg_arrival_castle, layout_basic, dreamdust_ecumenical_altar_grove,
          dreamdust_princess_corridor
D:2:      layout_basic, uniq_jessica
D:3:      layout_rooms, mainiacjoe_overflow_brackets
D:4:      layout_gridville, ebering_dispersal_statue_hall, minmay_checkerbox,
          uniq_menkaure

Skill      XL: |  1  2  3  4 |
---------------+-------------+-----
Axes           | 3 |  3.4
Dodging        | 3 |  3.2
Stealth        | 2 |  2.1
Spellcasting   | 1 |  1.1
Fighting       | |  3.7
Necromancy     | |  0.2

Action                   |  1- 3 |  4- 6 || total
-------------------------+-------+-------++-------
Melee: Hand axe          |    98 |    61 ||   159
       Headbutt          |    10 |    15 ||    25
 Cast: Necrotise         |       |     9 ||     9
 Stab: Sleeping          |     5 |     4 ||     9
Armor: Robe              |    21 |    11 ||    32
Dodge: Dodged            |    76 |    31 ||   107

Table legend: (Time is in decaauts)
 A = Elapsed time spent in this place.
 B = Non-inter-level travel time spent in this place.
 C = Inter-level travel time spent in this place.
 D = Time resting spent in this place.
 E = Time spent auto-exploring this place.
 F = Levels seen in this place.
 G = Mean time per level.
                   A        B        C        D        E       F      G
               +--------+--------+--------+--------+--------+-----+--------+
         Total |   2979 |   2866 |    113 |      0 |   2399 |   4 |  744.8 |
       Dungeon |   2979 |   2866 |    113 |      0 |   2399 |   4 |  744.8 |
               +--------+--------+--------+--------+--------+-----+--------+

Top non-repeatable levels by time:
     D:1: 1049 daAuts
     D:2: 971 daAuts
     D:3: 722 daAuts
     D:4: 235 daAuts
